 Seeded DCSS version 0.28-a0-1227-ga9037bb4c8 (webtiles) character file.

Game seed: 7658082880283672170 (custom seed)

447997 r3xj the Conqueror (level 23, -4/240 HPs)
             Began as a Minotaur Fighter on Dec 22, 2021.
             Was the Champion of Okawaru.
             Slain by a tengu reaver (7 damage)
             ... on level 5 of the Vaults on Dec 23, 2021.
             The game lasted 03:51:14 (72963 turns).

r3xj the Conqueror (Minotaur Fighter)              Turns: 72963, Time: 03:51:15

Health: -4/240     AC: 48    Str: 28    XL:     23   Next: 14%
Magic:  3/39       EV: 25    Int: 10    God:    Okawaru [******]
Gold:   8791       SH: 26    Dex: 20    Spells: 32/32 levels left

rFire   . . .      SeeInvis .   I - +9 morningstar "Pulidic" {freeze, rN++ Will+}
rCold   + + .      Faith    .   Q - +3 kite shield "Poenos" {rC+ Will++}
rNeg    + + +      Spirit   .   c - +10 pearl dragon scales
rPois   +          Reflect  +   V - +3 hat of Pondering {ponderous, Will+ MP+10 Int+5}
rElec   +          Harm     .   T - +2 cloak
rCorr   +          Rampage  .   E - +2 pair of gloves {infuse}
Will    +++++                   a - +1 pair of boots {Stlth+}
Stlth   +.........              D - amulet of reflection
HPRegen 0.50/turn               k - ring of the Madman {AC+4 Slay+2}
MPRegen 0.26/turn               b - ring of Arrival {rElec rPois rC+ rCorr Dex+6}

@: mighty, on berserk cooldown, slowed, studying Long Blades, very slow
A: horns 2, retaliatory headbutt
}: 2/15 runes: barnacled, gossamer
a: Renounce Religion, Heroism, Finesse, Duel


You were on level 5 of the Vaults.
You worshipped Okawaru.
Okawaru was exalted by your worship.
You visited 8 branches of the dungeon, and saw 43 of its levels.
You also visited: Gauntlet and Volcano.

You collected 9844 gold pieces.
You spent 1053 gold pieces at shops.

Inventory:

Hand Weapons
 y - a +0 eveningstar of flaming
 I - the +9 morningstar "Pulidic" (weapon) {freeze, rN++ Will+}
   (Okawaru gifted it to you on level 4 of the Lair of Beasts)

   It freezes those it strikes, dealing additional cold damage.
   It can also slow down cold-blooded creatures.
   rN:        It greatly protects you from negative energy.
   Will:      It increases your willpower.
Missiles
 s - 129 poisoned darts (quivered)
 L - 6 throwing nets
Armour
 a - a +1 pair of boots of stealth (worn)
 c - +10 pearl dragon scales (worn)
 v - a +2 pair of gloves of stealth
 A - a +2 kite shield of cold resistance
 C - a +2 tower shield of reflection
 E - a +2 pair of gloves of infusion (worn)
 Q - the +3 kite shield "Poenos" (worn) {rC+ Will++}
   (You found it in a Gauntlet)

   rC:        It protects you from cold.
   Will:      It greatly increases your willpower.
 T - a +2 cloak (worn)
 V - the +3 hat of Pondering (worn) {ponderous, Will+ MP+10 Int+5}
   (You took it off Gastronok on level 10 of the Dungeon)

   Int:       It affects your intelligence (+5).
   MP:        It affects your magic capacity (+10).
   Will:      It increases your willpower.
 Z - the +0 cloak of the Arena {+Blink rElec Str+4 Dex-3}
   (You found it in a Gauntlet)

   Str:       It affects your strength (+4).
   Dex:       It affects your dexterity (-3).
   rElec:     It insulates you from electricity.
   +Blink:    It lets you blink.
Jewellery
 b - the ring of Arrival (right hand) {rElec rPois rC+ rCorr Dex+6}
   (You found it on level 2 of the Orcish Mines)

   [ring of protection from cold]

   Dex:       It affects your dexterity (+6).
   rC:        It protects you from cold.
   rElec:     It insulates you from electricity.
   rPois:     It protects you from poison.
   rCorr:     It protects you from acid and corrosion.
 i - a +4 ring of slaying
 j - a +6 ring of strength
 k - the ring of the Madman (left hand) {AC+4 Slay+2}
   (You took it off a vault warden on level 2 of the Vaults)

   [ring of protection]

   AC:        It affects your AC (+4).
   Slay:      It affects your accuracy & damage with ranged weapons and melee
   (+2).
 D - an amulet of reflection (around neck)
 G - a ring of protection from fire
 K - a ring of willpower
 M - the amulet "Etilorch" {Regen+ Dex+6}
   (You found it on level 4 of the Spider Nest)

   [amulet of regeneration]

   Dex:       It affects your dexterity (+6).
   Regen:     It increases your rate of health regeneration.
 O - a ring of flight
 P - the ring of Ytaaph {Fire +Blink Str+4 Dex+3}
   (You found it on level 2 of the Depths)

   [ring of fire]

   It enhances your fire magic.
   Str:       It affects your strength (+4).
   Dex:       It affects your dexterity (+3).
   rF:        It protects you from fire.
   rC:        It makes you vulnerable to cold.
   +Blink:    It lets you blink.
 W - the amulet "Mutwul" {rElec rF- Regen+ rCorr Int+7}
   (You took it off a fire giant on level 2 of the Depths)

   [amulet of regeneration]

   Int:       It affects your intelligence (+7).
   rF:        It makes you vulnerable to fire.
   rElec:     It insulates you from electricity.
   Regen:     It increases your rate of health regeneration.
   rCorr:     It protects you from acid and corrosion.
Wands
 N - a wand of digging (8)
Scrolls
 e - 7 scrolls of fear
 g - 5 scrolls of magic mapping
 n - a scroll of brand weapon
 p - 8 scrolls of blinking
 q - 16 scrolls of teleportation
 r - 12 scrolls of identify
 t - 4 scrolls of silence
 F - 3 scrolls of holy word
 H - 12 scrolls of enchant weapon
 R - 5 scrolls of fog
 S - 8 scrolls of amnesia
Potions
 d - 3 potions of might
 f - 20 potions of mutation
 h - 2 potions of magic
 l - 7 potions of haste
 m - 23 potions of curing
 u - 5 potions of heal wounds
 w - 8 potions of brilliance
 x - 9 potions of cancellation
 z - 2 potions of resistance
 B - 14 potions of ambrosia
 U - a potion of berserk rage
 X - 5 potions of invisibility


   Skills:
 O Level 27 Fighting
 - Level 16.0 Maces & Flails
 + Level 23.1 Armour
 + Level 21.7 Dodging
 + Level 23.2 Shields
 - Level 5.0 Spellcasting
 - Level 7.0 Invocations


You had 32 spell levels left.
You didn't know any spells.
Your spell library contained the following spells:

 Spells                   Type           Power      Damage    Failure   Level
 Apportation              Tloc           4%         N/A       36%         1
 Beastly Appendage        Tmut           4%         N/A       36%         1
 Foxfire                  Conj/Fire      8%         2x1d4     36%         1
 Shock                    Conj/Air       8%         1d3       36%         1
 Sting                    Tmut/Pois      8%         1d3       36%         1
 Corpse Rot               Necr/Air       4%         N/A       50%         2
 Poisonous Vapours        Pois/Air       4%         N/A       50%         2
 Static Discharge         Conj/Air       2%         N/A       50%         2
 Wereblood                Tmut           2%         N/A       50%         2
 Conjure Flame            Conj/Fire      2%         6-21      73%         3
 Dazzling Flash           Conj/Hex       4%         N/A       73%         3
 Gell's Gravitas          Tloc           2%         N/A       73%         3
 Ignite Poison            Fire/Tmut/Pois 2%         N/A       73%         3
 Inner Flame              Hex/Fire       2%         N/A       73%         3
 Lesser Beckoning         Tloc           2%         N/A       73%         3
 Mephitic Cloud           Conj/Pois/Air  2%         N/A       73%         3
 Portal Projectile        Hex/Tloc       4%         N/A       73%         3
 Spider Form              Tmut/Pois      2%         N/A       73%         3
 Stone Arrow              Conj/Erth      4%         3d7       73%         3
 Teleport Other           Tloc           2%         N/A       73%         3
 Dispel Undead            Necr           2%         3d7       98%         4
 Flame Wave               Conj/Fire      2%         2d4       98%         4
 Olgreb's Toxic Radiance  Pois           2%         N/A       98%         4
 Petrify                  Tmut/Erth      2%         N/A       98%         4
 Sticky Flame             Conj/Fire      2%         2d3       98%         4
 Alistair's Intoxication  Tmut/Pois      1%         N/A       100%        5
 Freezing Cloud           Conj/Ice/Air   1%         6-21      100%        5
 Lee's Rapid Deconstruct  Erth           1%         3d5*      100%        5
 Metabolic Englaciation   Hex/Ice        1%         N/A       100%        5
 Silence                  Hex/Air        1%         N/A       100%        5
 Statue Form              Tmut/Erth      1%         N/A       100%        6
 Storm Form               Tmut/Air       1%         N/A       100%        7
 Borgnjor's Revivificati  Necr           1%         N/A       100%        8
 Lehudib's Crystal Spear  Conj/Erth      1%         10d2      100%        8
 Necromutation            Tmut/Necr      1%         N/A       100%        8
 Chain Lightning          Conj/Air       1%         3d1       100%        9
 Death's Door             Necr           1%         N/A       100%        9
 Fire Storm               Conj/Fire      1%         7d1       100%        9
 Shatter                  Erth           1%         3d5*      100%        9
 Animate Armour           Summ/Erth      Unusable   N/A       N/A         4
 Summon Forest            Summ/Tloc      Unusable   N/A       N/A         5
 Malign Gateway           Summ/Tloc      Unusable   N/A       N/A         7

Dungeon Overview and Level Annotations

Branches:
Dungeon (15/15)            Temple (0/1) D:5            Lair (6/6) D:8
 Shoals (4/4) Lair:4       Spider (4/4) Lair:4        Slime (0/5) Lair:5
    Orc (2/2) D:10            Elf (3/3) Orc:2        Vaults (5/5) D:14
  Crypt (0/3) Vaults:3     Depths (4/4) D:15            Zot (0/5) Depths:4
Volcano (visited)         Gauntlet (visited)

Altars:
Cheibriados
Dithmenos
Fedhas
Gozag
Kikubaaqudgha
Okawaru
Ru
Sif Muna
Xom
Yredelemnul
The Shining One
Jiyva
Lugonu

Shops:
D:10 *   Orc:2 ([(((   Elf:2 (=:[[   Shoals:2 !   Shoals:3 *   Shoals:4 *

Portals:
Hell: Depths:1 Depths:2 Depths:3 Depths:4
Abyss: Depths:1 Depths:3
Pandemonium: Depths:2 Depths:4
Ziggurat: Depths:1
Trove: D:11 (give 5 potions of resistance)

Annotations:
Vaults:5 Saint Roka


Innate Abilities, Weirdness & Mutations

You have a pair of horns on your head.
You reflexively headbutt those who attack you in melee.


Message History

The vault guard hits you but does no damage.
The vault guard hits you with a +3 war axe.
* * * LOW HITPOINT WARNING * * *
Something touches you but does no damage.
Saint Roka invokes the aid of Beogh against you.
Beogh smites you!
* * * LOW HITPOINT WARNING * * *
The ghostly vault guard hits you with a +0 great mace!
* * * LOW HITPOINT WARNING * * *
The tengu reaver hits you but does no damage.
The tengu reaver pecks you.
* * * LOW HITPOINT WARNING * * *
The tengu reaver completely misses you.
The vault guard hits you with a +1 bardiche of protection!
* * * LOW HITPOINT WARNING * * *
The vault warden hits you but does no damage.
You feel much better.
The runic seals fade away.
The ynoxinul disappears in a puff of smoke!
The ufetubus disappears in a puff of smoke! x8
The orc warrior no longer looks unusually strong.
The glowing shapeshifter changes into a slime creature!
Something touches you but does no damage.
You block the ghostly deep troll's attack. x2
The ghostly deep troll claws you!
* * * LOW HITPOINT WARNING * * *
The orc sorcerer casts a spell.
The vault guard completely misses you.
You block the ghostly deep troll's attack.
The ghostly deep troll closely misses you.
The ghostly deep troll misses you. The vault guard closely misses you.
You furiously retaliate!
You headbutt the vault guard, but do no damage.
The ghostly vault guard barely misses you.
Saint Roka says, "In the orcish mines, orcs kill the likes of YOU!"
The tengu reaver hits you with a +1 great mace!!
* * * LOW HITPOINT WARNING * * *
The tengu reaver pecks you.
* * * LOW HITPOINT WARNING * * *
The tengu reaver claws you!
You die...

.. #....#....
....#....#...
#...#....#..
......§...#
###.§§§o44.#####
...4§hTTppT.....
....opCepL*.....
...opop{TTT...(.
..§§Tpp@ppp.....
###.oTQpTpJ#####
.....GoBwp..#
##..#..o.#...#
#. #....##....
#. #....# #....
. #....# ..?.
#....# ..


You could see Saint Roka (soul bound), a dread lich (fast), a frost giant (soul
bound), a vault warden (soul bound), a tengu reaver (soul bound), a boulder
beetle shaped shifter, 10 vault guards, a ghostly vault guard, a deep elf death
mage (soul bound), a slime creature shaped shifter, an ironbound frostheart
(soul bound), a glowing orange brain, 3 deep trolls, 2 ghostly deep trolls, a
deep troll earth mage (soul bound), 2 hellwings, a necromancer, 3 trolls, a
swamp worm shaped shifter, a chaos spawn (summoned), a warg (soul bound), an orc
sorcerer (soul bound, strong), 2 orc warriors, a lost soul (summoned) and 3
orcs.

Vanquished Creatures
  A shard shrike (shapeshifter) (Depths:2)
  Bai Suzhen (Shoals:4)
  Margery (Vaults:3)
  Nikola (Lair:4)
  Arachne (Spider:3)
  2 tentacled monstrosities
  Jorgrun (D:14)
  3 liches
  The ghost of Hoshis the Marksminotaur, an adept MiBe of Trog (Spider:4)
  Mlioglotl (Spider:2)
  A quicksilver dragon (Vaults:2)
  3 titans
  3 deep elf blademasters
  A walking frostbound tome (Depths:3)
  2 deep elf master archers (Elf:3)
  Polyphemus (Shoals:4)
  The ghost of Fawason the Bringer of Light, an adept HuFi of the Shining One (Spider:1)
  2 krakens (Shoals:2)
  A sphinx (shapeshifter) (Depths:2)
  7 sphinxes
  Gastronok (D:10)
  A storm dragon (Depths:4)
  The ghost of HilariousDeathArtist the Blocker, an adept GnFi of Nemelex Xobeh (Spider:3)
  Kirke (Shoals:3)
  Donald (Orc:2)
  2 shadow dragons (Depths:3)
  4 tengu reavers
  6 fire giants
  An azure jelly (shapeshifter) (Depths:2)
  A draconian knight (Depths:4)
  5 ghost moths
  5 frost giants
  4 orc warlords
  9 deep elf sorcerers
  12 vault wardens
  5 emperor scorpions
  Aizul (Depths:1)
  A spectral juggernaut (Depths:4)
  A draconian shifter (Depths:4)
  Louise (Lair:4)
  4 deep elf elementalists (Elf:3)
  15 ironbound preservers
  9 war gargoyles
  24 very ugly things
  5 stone giants
  6 ironbound thunderhulks
  5 black draconians (Depths:4)
  6 dire elephants
  6 deep elf demonologists
  4 entropy weavers
  A vampire knight (Depths:4)
  7 deep elf annihilators (Elf:3)
  A minotaur (Gauntlet)
  5 spark wasps
  Azrael (Orc:2)
  2 yellow draconians (Depths:4)
  6 ettins
  4 deep elf death magi (Elf:3)
  2 crystal guardians (Vaults:3)
  4 fire dragons
  3 merfolk javelineers
  4 merfolk impalers
  2 deep elf high priests (Elf:3)
  Josephine (Lair:4)
  3 boulder beetles
  8 hydras
  7 great orbs of eyes
  The ghost of losyanya the Basher, a journeyman HOFi of Makhleb (D:10)
  20 vault guards
  10 yaktaur captains
  3 peacekeepers
  A catoblepas (shapeshifter) (Depths:2)
  An ice dragon (shapeshifter) (Depths:2)
  2 ice dragons
  An ogre mage (Vaults:4)
  2 catoblepae
  23 centaur warriors
  2 spriggan air magi (Depths:2)
  2 alligator snapping turtles (Shoals:4)
  The ghost of rogsnak the Thaumaturge, a journeyman DsAE of Sif Muna (D:11)
  A two-headed ogre (shapeshifter) (Depths:4)
  5 two-headed ogres
  43 dancing weapons
  14 ironbound frosthearts
  4 satyrs
  2 merfolk avatars
  The ghost of jtrev the Bludgeoner, a journeyman GrBe of Trog (D:10)
  Urug (Orc:2)
  3 deep troll shamans
  3 merfolk aquamancers
  10 tengu warriors
  6 deep troll earth magi
  3 vampire magi
  22 death yaks
  A shock serpent (Depths:2)
  4 spriggan berserkers
  12 deep elf knights
  10 hell knights
  6 iron trolls
  A fire crab (Lair:4)
  A fire crab (shapeshifter) (Depths:2)
  A sea snake (shapeshifter) (Depths:2)
  2 skeletal warriors (Volcano)
  47 deep trolls
  4 sea snakes
  7 glowing orange brains
  A swamp dragon (shapeshifter) (Depths:2)
  2 tengu zombies (Vaults:1)
  29 deep elf pyromancers
  15 wizards
  8 orc knights
  26 deep elf zephyrmancers
  6 necromancers
  4 obsidian statues (Depths:2)
  14 ironbound convokers
  10 deep elf archers
  7 lindwurms
  A tengu skeleton (Vaults:4)
  25 orb spiders
  22 harpies
  A harpy (shapeshifter) (D:15)
  21 fauns
  40 ugly things
  2 stone giant zombies (Vaults:4)
  A frost giant zombie (Vaults:2)
  34 wolf spiders
  4 orc sorcerers
  5 elephants
  8 cyclopes
  8 manticores
  A sphinx skeleton (Vaults:2)
  Maurice (D:8)
  3 moths of wrath
  14 black mambas
  A moth of wrath (shapeshifter) (Elf:2)
  2 guardian serpents (shapeshifter)
  7 merfolk sirens
  A stone giant skeleton (Vaults:2)
  The ghost of ReploidZero the Ogre Mage, a novice OgCj (D:5)
  6 gargoyles
  Joseph (D:7)
  16 vault sentinels
  7 water nymphs
  13 cane toads
  4 molten gargoyles
  A torpor snail (Spider:3)
  2 hellions (Elf:1)
  2 unseen horrors
  9 komodo dragons
  An unseen horror (shapeshifter) (Depths:2)
  13 demonic crawlers
  4 rime drakes
  2 tengu conjurers
  A yaktaur zombie (Vaults:2)
  28 yaktaurs
  A queen bee (Spider:1)
  2 kobold demonologists (D:11)
  2 human skeletons
  3 meliai (Spider:1)
  25 merfolk
  8 trolls
  A polar bear (Lair:1)
  2 jumping spiders (shapeshifter)
  9 wind drakes
  38 jumping spiders
  3 harpy skeletons (Volcano)
  A shadow dragon simulacrum (Vaults:4)
  6 hornets (Spider:4)
  4 blink frogs (Lair:4)
  36 slime creatures
  Prince Ribbit (D:7)
  15 dream sheep
  5 snapping turtles
  Sigmund (D:2)
  52 redbacks
  10 air elementals
  3 flying skulls (Volcano)
  4 centaur simulacra
  2 alligator skeletons (Volcano)
  A tarantella (shapeshifter) (Elf:3)
  17 water elementals
  4 wraiths (Spider:1)
  A vampire (D:10)
  2 wyverns
  27 tarantellas
  An elf zombie (Vaults:4)
  2 basilisks
  9 fire elementals
  A hog (Shoals:3)
  48 yaks
  2 humans (Shoals:3)
  4 steam dragons
  6 vampire mosquitoes
  A warg (D:9)
  Grum (D:9)
  A harpy simulacrum (Gauntlet)
  2 acid dragons
  A naga (shapeshifter) (Elf:3)
  8 water moccasins
  A floating eye (shapeshifter) (Depths:2)
  9 hell hounds
  A floating eye (Depths:3)
  49 orc warriors
  A meliai simulacrum (Gauntlet)
  5 black bears
  2 ice beasts
  3 sky beasts
  12 ogres
  An elf simulacrum (Vaults:1)
  2 necrophages
  5 boggarts (Vaults:3)
  18 wolves
  25 centaurs
  2 phantoms (D:5)
  8 kobold brigands (D:11)
  Blork the orc (D:5)
  2 gnoll sergeants
  12 bullfrogs
  2 scorpions
  10 earth elementals
  A wyvern zombie (D:8)
  20 killer bees (Spider:1)
  3 wights (D:8)
  4 electric eels
  A troll skeleton (Volcano)
  2 spriggan skeletons (Volcano)
  4 centaur zombies
  6 howler monkeys
  5 lava snakes (Lair:6)
  4 quasits (D:5)
  A bullfrog zombie (D:6)
  A hound (D:7)
  3 jellies
  2 centaur skeletons
  13 orc priests
  Natasha (thrice) (D:4)
  An iguana (D:5)
  17 orc wizards
  3 naga skeletons (Volcano)
  A hound skeleton (D:5)
  2 howler monkey zombies
  A howler monkey skeleton (D:6)
  4 gnolls (D:11)
  6 adders
  3 white imps
  2 ufetubi
  2 adder skeletons (D:4)
  3 worms
  A dart slug (D:2)
  68 orcs
  6 ball pythons
  A ball python (shapeshifter) (Depths:2)
  3 bats
  6 endoplasms
  2 giant cockroaches (D:2)
  7 hobgoblins
  2 jackals (D:4)
  3 quokkas
  5 frilled lizards
  8 goblins
  6 kobolds
  2 rats
  A butterfly (Lair:4)
  A plant (Shoals:1)
  4 tentacles (Shoals:2)
1749 creatures vanquished.

Vanquished Creatures (others)
  A deep elf knight (Elf:1)
  3 deep elf pyromancers
  A deep elf zephyrmancer (Elf:1)
  An orb spider (Spider:1)
  2 jumping spiders
  A water elemental (Depths:2)
  A fire elemental (Depths:2)
  An orc (Orc:2)
  5 ball lightnings (Depths:2)
  A bush (D:12)
  7 fungi
  214 plants
  19 tentacles (Shoals:2)
257 creatures vanquished.

Grand Total: 2006 creatures vanquished

Notes
Turn   | Place    | Note
-------+----------+-------------------------------------------
     0 | D:1      | r3xj the Minotaur Fighter began the quest for the Orb.
     0 | D:1      | Reached XP level 1. HP: 19/19 MP: 0/0
   241 | D:1      | Reached XP level 2. HP: 27/27 MP: 1/1
   724 | D:2      | Reached skill level 4 in Fighting
   870 | D:2      | Reached XP level 3. HP: 33/33 MP: 2/2
   988 | D:2      | Noticed Sigmund
  1045 | D:2      | Killed Sigmund
  1046 | D:2      | Reached skill level 5 in Fighting
  1046 | D:2      | Reached skill level 5 in Armour
  1046 | D:2      | Reached XP level 4. HP: 27/42 MP: 3/3
  1046 | D:2      | Reached XP level 5. HP: 31/48 MP: 4/4
  1853 | D:3      | Reached XP level 6. HP: 55/56 MP: 5/5
  2451 | D:4      | Reached skill level 5 in Maces & Flails
  2451 | D:4      | Noticed Natasha
  2459 | D:4      | Killed Natasha
  2578 | D:4      | Noticed Natasha
  2586 | D:4      | Killed Natasha
  2745 | D:4      | Noticed Natasha
  2756 | D:4      | Killed Natasha
  2757 | D:4      | Reached skill level 6 in Fighting
  2894 | D:4      | Reached XP level 7. HP: 47/63 MP: 6/6
  3272 | D:4      | Found a shimmering blue altar of Sif Muna.
  3357 | D:5      | Entered Level 5 of the Dungeon
  3481 | D:5      | Found a transporter.
  3490 | D:5      | Noticed ReploidZero's ghost (novice OgCj)
  3521 | D:5      | Reached XP level 8. HP: 33/71 MP: 7/7
  3722 | D:5      | Noticed Blork the orc
  3739 | D:5      | Reached skill level 7 in Fighting
  3745 | D:5      | Killed Blork the orc
  4159 | D:5      | You fall into a shaft and drop 1 floor!
  4386 | D:5      | Found an iron altar of Okawaru.
  4390 | D:5      | Found a shadowy altar of Dithmenos.
  4397 | D:5      | Became a worshipper of Warmaster Okawaru
  4531 | D:5      | Found a transporter.
  4719 | D:5      | Found a staircase to the Ecumenical Temple.
  5122 | D:5      | Killed ReploidZero's ghost
  5122 | D:5      | Reached * piety under Okawaru
  5123 | D:5      | Reached skill level 8 in Fighting
  5610 | D:6      | Reached XP level 9. HP: 67/81 MP: 8/8
  5994 | D:6      | Identified the +10 dagger of Bankruptcy {freeze, rElec}
  6014 | D:7      | Noticed Prince Ribbit
  6023 | D:7      | Killed Prince Ribbit
  6024 | D:7      | Reached skill level 10 in Maces & Flails
  6261 | D:7      | Reached ** piety under Okawaru
  6271 | D:7      | Noticed Joseph
  6289 | D:7      | Killed Joseph
  6290 | D:7      | Reached skill level 9 in Fighting
  6613 | D:8      | Got Qoulasupt's Compendium of Blistering Clay
  7054 | D:8      | Reached XP level 10. HP: 91/91 MP: 9/9
  7228 | D:8      | Noticed Maurice
  7299 | D:8      | Noticed an elephant
  7974 | D:9      | Found a large runed translucent door.
  7975 | D:9      | Found a large runed translucent door.
  8002 | D:9      | Noticed Grum
  8026 | D:9      | Killed Grum
  8030 | D:9      | Reached *** piety under Okawaru
  8385 | D:9      | Reached skill level 10 in Fighting
  8385 | D:9      | Reached skill level 10 in Armour
  8993 | D:8      | Found a staircase to the Lair.
  9045 | D:8      | Killed Maurice
  9046 | D:8      | Reached skill level 1 in Dodging
  9236 | D:8      | Killed an elephant
  9236 | D:8      | Reached **** piety under Okawaru
  9488 | D:8      | Identified 4 scrolls of acquirement
  9488 | D:8      | Acquired 1020 gold pieces
  9569 | D:9      | Found an opulent altar of Gozag.
  9605 | D:9      | Found a snail-covered altar of Cheibriados.
  9639 | D:10     | Entered Level 10 of the Dungeon
  9653 | D:10     | Found Icitzaga's Assorted Antiques.
  9676 | D:10     | Bought a scroll labelled DUNGIL DUADIKH for 28 gold pieces
  9676 | D:10     | Bought a fizzy coppery potion for 25 gold pieces
  9676 | D:10     | Bought a fizzy coppery potion for 25 gold pieces
  9749 | D:10     | Reached skill level 5 in Shields
  9778 | D:10     | Found a runed translucent gate.
  9778 | D:10     | Found a runed translucent gate.
  9778 | D:10     | Found a runed translucent gate.
  9782 | D:10     | Noticed losyanya's ghost (journeyman HOFi)
  9782 | D:10     | Noticed jtrev's ghost (journeyman GrBe)
  9788 | D:10     | Noticed a two-headed ogre
  9795 | D:10     | Killed a two-headed ogre
  9917 | D:10     | Noticed Gastronok
  9940 | D:10     | Killed Gastronok
  9940 | D:10     | Reached ***** piety under Okawaru
  9941 | D:10     | Reached XP level 11. HP: 61/101 MP: 8/10
 10476 | D:10     | Reached skill level 11 in Fighting
 10701 | D:10     | Found a staircase to the Orcish Mines.
 10851 | D:10     | Reached skill level 5 in Dodging
 10939 | D:10     | Noticed an orc knight
 11077 | D:10     | Killed an orc knight
 11077 | D:10     | Received a gift from Okawaru
 11498 | D:10     | Bought a glowing morningstar for 196 gold pieces
 11635 | D:11     | Noticed a two-headed ogre
 11646 | D:11     | Killed a two-headed ogre
 12110 | D:11     | Noticed an eight-headed hydra
 12120 | D:11     | Killed an eight-headed hydra
 12121 | D:11     | Reached skill level 12 in Fighting
 12344 | D:11     | Noticed a two-headed ogre
 12358 | D:11     | Killed a two-headed ogre
 12628 | D:11     | Found a runed translucent gate.
 12629 | D:11     | Found a runed translucent gate.
 12629 | D:11     | Noticed rogsnak's ghost (journeyman DsAE)
 12630 | D:11     | Found a runed translucent gate.
 12697 | D:11     | Found a portal to a secret trove of treasure.
 13284 | D:12     | Noticed a two-headed ogre
 13297 | D:12     | Killed a two-headed ogre
 13298 | D:12     | Reached XP level 12. HP: 98/113 MP: 11/11
 13413 | D:12     | Found a blossoming altar of Fedhas.
 13872 | D:12     | Noticed a tengu warrior
 13880 | D:12     | Killed a tengu warrior
 14132 | D:12     | Identified the +0 leather armour of Agnosticism {+Inv rC+
                  | Str+3}
 14256 | Lair:1   | Entered Level 1 of the Lair of Beasts
 14325 | Lair:1   | Reached skill level 15 in Maces & Flails
 14431 | Lair:1   | Received a gift from Okawaru
 14746 | Lair:1   | Reached skill level 13 in Fighting
 15362 | Lair:2   | Reached skill level 10 in Shields
 15381 | Lair:2   | Noticed a death yak
 15382 | Lair:2   | Noticed a death yak
 15400 | Lair:2   | Noticed a death yak
 15400 | Lair:2   | Noticed a death yak
 15404 | Lair:2   | Killed a death yak
 15404 | Lair:2   | Noticed a death yak
 15407 | Lair:2   | Noticed a death yak
 15414 | Lair:2   | Killed a death yak
 15468 | Lair:1   | Killed a death yak
 15774 | Lair:2   | Killed a death yak
 15784 | Lair:2   | Killed a death yak
 15798 | Lair:2   | Killed a death yak
 15863 | Lair:2   | Found a gate leading to a gauntlet.
 15871 | Gauntlet | Entered a Gauntlet
 15871 | Gauntlet | Found a large runed translucent door.
 15871 | Gauntlet | Found a large runed translucent door.
 15871 | Gauntlet | Found a large runed translucent door.
 15871 | Gauntlet | Found a large runed translucent door.
 15871 | Gauntlet | Found a large runed translucent door.
 15871 | Gauntlet | Found a transporter.
 15871 | Gauntlet | Found a large runed translucent door.
 15871 | Gauntlet | Found a large runed translucent door.
 15871 | Gauntlet | Found a large runed translucent door.
 15871 | Gauntlet | Found a runed translucent door.
 15871 | Gauntlet | Found a runed translucent gate.
 15871 | Gauntlet | Found a runed translucent gate.
 15871 | Gauntlet | Found a transporter.
 15871 | Gauntlet | Found a transporter.
 16165 | Gauntlet | Found a transporter.
 16169 | Gauntlet | Found a transporter.
 16169 | Gauntlet | Found a transporter.
 16175 | Gauntlet | Found a transporter.
 16177 | Gauntlet | Found a transporter.
 16178 | Gauntlet | Found a transporter.
 16180 | Gauntlet | Found a transporter.
 16188 | Gauntlet | Found a transporter.
 16189 | Gauntlet | Found a transporter.
 16232 | Gauntlet | Found a runed translucent gate.
 16233 | Gauntlet | Found a large runed translucent door.
 16233 | Gauntlet | Found a large runed translucent door.
 16234 | Gauntlet | Found a large runed translucent door.
 16235 | Gauntlet | Found a large runed translucent door.
 16236 | Gauntlet | Found a large runed translucent door.
 16236 | Gauntlet | Found a large runed translucent door.
 16236 | Gauntlet | Found a runed translucent door.
 16237 | Gauntlet | Found a large runed translucent door.
 16238 | Gauntlet | Found a large runed translucent door.
 16400 | Gauntlet | Reached XP level 13. HP: 118/123 MP: 8/12
 16595 | Gauntlet | Reached ****** piety under Okawaru
 16823 | Gauntlet | Identified the +0 cloak of the Arena {+Blink rElec Str+4
                  | Dex-3}
 16849 | Gauntlet | Noticed a minotaur
 16862 | Gauntlet | Killed a minotaur
 16862 | Gauntlet | Received a gift from Okawaru
 16917 | Gauntlet | Got the Handbook of the Traveller
 16919 | Gauntlet | Identified the +3 kite shield "Poenos" {rC+ Will++}
 16919 | Gauntlet | Identified the +2 robe of the Forest {*Corrode Str+4 SInv}
 17209 | Lair:2   | Reached skill level 14 in Fighting
 17876 | Lair:3   | Found a dark tunnel.
 17885 | Volcano  | Entered a volcano
 18146 | Volcano  | Got Vysumom's Casting Continued
 18174 | Volcano  | Reached skill level 10 in Dodging
 19242 | Lair:3   | Reached skill level 15 in Fighting
 19516 | Lair:4   | Identified the +9 morningstar "Pulidic" {freeze, rN++
                  | Will+} (Okawaru gifted it to you on level 4 of the Lair of
                  | Beasts)
 19516 | Lair:4   | Received a gift from Okawaru
 19777 | Lair:4   | You fall into a shaft and drop 2 floors!
 19777 | Lair:6   | Entered Level 6 of the Lair of Beasts
 20585 | Lair:4   | Reached XP level 14. HP: 102/136 MP: 13/13
 20719 | Lair:4   | Found a hole to the Spider Nest.
 20740 | Lair:4   | Reached skill level 16 in Fighting
 21050 | Lair:4   | Received a gift from Okawaru
 21490 | Lair:4   | Found a staircase to the Shoals.
 22485 | Lair:5   | Found a viscous altar of Jiyva.
 22485 | Lair:5   | Found a staircase to the Slime Pits.
 22608 | Lair:6   | Reached skill level 17 in Fighting
 22934 | Lair:6   | Reached skill level 15 in Shields
 23769 | Lair:6   | Found a large runed translucent door.
 23773 | Lair:6   | Found a large runed translucent door.
 23776 | Lair:6   | Reached skill level 18 in Fighting
 23782 | Lair:6   | Received a gift from Okawaru
 24664 | D:10     | Killed jtrev's ghost
 24676 | D:10     | Killed losyanya's ghost
 24677 | D:10     | Reached skill level 1 in Invocations
 24886 | D:11     | Killed rogsnak's ghost
 25362 | D:13     | Found a glowing golden altar of the Shining One.
 25603 | D:13     | Reached XP level 15. HP: 139/151 MP: 16/16
 25771 | D:13     | Reached skill level 19 in Fighting
 26161 | D:14     | Noticed Jorgrun
 26182 | D:14     | Killed Jorgrun
 26648 | D:14     | Reached skill level 5 in Invocations
 26856 | D:14     | Found a gate to the Vaults.
 27149 | D:15     | Entered Level 15 of the Dungeon
 27351 | D:15     | Found a shadowy altar of Dithmenos.
 27528 | D:15     | Found a staircase to the Depths.
 27528 | D:15     | Noticed a fire giant
 27763 | Orc:1    | Entered Level 1 of the Orcish Mines
 28133 | Orc:2    | Entered Level 2 of the Orcish Mines
 28135 | Orc:2    | Received a gift from Okawaru
 28164 | Orc:2    | Reached skill level 20 in Fighting
 28243 | Orc:2    | Found Vegebud's Antique Weapon Emporium.
 28287 | Orc:2    | Found a staircase to the Elven Halls.
 28400 | Orc:2    | Noticed Donald
 28428 | Orc:2    | Killed Donald
 28702 | Orc:2    | Noticed Urug
 28724 | Orc:2    | Killed Urug
 28883 | Orc:2    | Noticed Azrael
 28893 | Orc:2    | Killed Azrael
 29097 | Orc:2    | Found Qiprave's Antique Weapon Shop.
 29097 | Orc:2    | Found Otojumank's Weapon Shoppe.
 29099 | Orc:2    | Found Jirpha's Weapon Emporium.
 29101 | Orc:2    | Found Alink's Armour Boutique.
 29294 | Orc:2    | Noticed an orc warlord
 29294 | Orc:2    | Noticed an orc warlord
 29309 | Orc:2    | Killed an orc warlord
 29314 | Orc:2    | Killed an orc warlord
 29353 | Orc:2    | Noticed an orc warlord
 29364 | Orc:2    | Killed an orc warlord
 29724 | Orc:2    | Identified the ring of Arrival {rElec rPois rC+ rCorr
                  | Dex+6}
 29937 | Orc:2    | Acquired 1118 gold pieces
 30142 | Spider:1 | Entered Level 1 of the Spider Nest
 30142 | Spider:1 | Noticed Fawason's ghost (adept HuFi)
 30142 | Spider:1 | Noticed Nikola
 30142 | Spider:1 | Found a runed translucent door.
 30158 | Lair:4   | Killed Nikola
 30159 | Lair:4   | Reached skill level 21 in Fighting
 30467 | Lair:4   | Killed a ghost moth
 31209 | Spider:1 | Noticed Louise
 31321 | Lair:4   | Killed Louise
 31321 | Lair:4   | Identified the +2 buckler "Bevaisch" {rElec Str+2 Slay-4}
                  | (Okawaru gifted it to you on level 4 of the Lair of Beasts)
 31321 | Lair:4   | Received a gift from Okawaru
 31435 | D:8      | Upgraded the game from 0.28-a0-1213-g0243856f03 to
                  | 0.28-a0-1227-ga9037bb4c8
 31435 | D:8      | Acquired a manual of Shields
 31437 | D:8      | Acquired 674 gold pieces
 31439 | D:8      | Acquired 914 gold pieces
 31547 | Spider:1 | Noticed Josephine
 31569 | Lair:4   | Killed Josephine
 31946 | Spider:1 | Reached XP level 16. HP: 167/167 MP: 19/19
 32758 | Spider:1 | Killed Fawason's ghost
 33464 | Spider:2 | Noticed Mlioglotl
 33479 | Spider:2 | Killed Mlioglotl
 33994 | Spider:3 | Noticed HilariousDeathArtist's ghost (adept GnFi)
 33995 | Spider:3 | Found a transporter.
 34351 | Spider:3 | Received a gift from Okawaru
 34387 | Spider:3 | Noticed Arachne
 34404 | Spider:3 | Killed Arachne
 35179 | Spider:3 | Found a transporter.
 35527 | Spider:3 | Killed HilariousDeathArtist's ghost
 35687 | Spider:3 | Identified the ring "Itsapig" {*Corrode EV+4 Int+6 Dex+2
                  | SInv}
 35696 | Spider:3 | Acquired a +1 pair of boots of stealth
 35758 | Spider:4 | Entered Level 4 of the Spider Nest
 36013 | Spider:4 | Received a gift from Okawaru
 36119 | Spider:4 | Found a runed translucent door.
 36119 | Spider:4 | Found a shimmering altar of Xom.
 36119 | Spider:4 | Noticed Hoshis's ghost (adept MiBe)
 36503 | Spider:4 | Reached skill level 22 in Fighting
 36840 | Spider:4 | Reached XP level 17. HP: 151/176 MP: 21/21
 37199 | Spider:4 | Received a gift from Okawaru
 38067 | Spider:4 | Received a gift from Okawaru
 38345 | Spider:4 | Got a gossamer rune of Zot
 38416 | Spider:4 | Killed Hoshis's ghost
 38422 | Spider:4 | Identified the amulet "Etilorch" {Regen+ Dex+6}
 38755 | Shoals:1 | Entered Level 1 of the Shoals
 39349 | Elf:1    | Entered Level 1 of the Elven Halls
 39963 | Elf:1    | Received a gift from Okawaru
 40297 | Elf:1    | Found the +6 arbalest "Damnation" {damnation}
 40923 | Elf:1    | Got the Papyrus of Battle Magic
 41392 | Elf:2    | Found Kenwuyn's Armour Shop.
 41739 | Elf:2    | Found Woetour's Book Shop.
 41940 | Elf:2    | Paralysed by an air elemental for 1 turns
 41972 | Elf:2    | Found Taum's Weapon Emporium.
 42019 | Elf:2    | Found Siuloo's Jewellery Shoppe.
 42035 | Elf:2    | Found Featreen's Armour Boutique.
 42108 | Elf:2    | Identified the +0 cloak of Theory {Rampage rElec rF- Dex-5}
                  | (Okawaru gifted it to you on level 2 of the Elven Halls)
 42108 | Elf:2    | Received a gift from Okawaru
 42217 | Elf:2    | Found a runed translucent gate.
 42217 | Elf:2    | Found a runed translucent gate.
 42217 | Elf:2    | Found a runed translucent gate.
 42384 | Elf:2    | Reached skill level 23 in Fighting
 42389 | Elf:2    | Reached XP level 18. HP: 174/188 MP: 22/22
 42972 | Elf:2    | Reached skill level 15 in Armour
 43385 | Elf:3    | Entered Level 3 of the Elven Halls
 44440 | Elf:3    | Identified the ring of the Evil One {Ice Will+}
 44466 | Elf:3    | Identified the +0 robe "Yjivotiff" {Dex+3} (Okawaru gifted
                  | it to you on level 3 of the Elven Halls)
 44466 | Elf:3    | Received a gift from Okawaru
 44496 | Elf:3    | Noticed an Ice Fiend
 44502 | Elf:3    | Identified the +9 flail of Patience {spect, Str-3 Int+4
                  | Dex+6}
 44502 | Elf:3    | Identified the +0 leather armour of Truth {Stlth+}
 44851 | Elf:3    | Identified the +4 falchion of Ezxiyras {drain, rF+ rC++
                  | Str+3}
 44877 | Elf:3    | Noticed a Brimstone Fiend
 45497 | Elf:3    | Reached skill level 15 in Dodging
 45656 | Elf:3    | Identified the +7 spear of Huyvaxto {flame, rPois rN+}
 45783 | Elf:3    | Noticed a Brimstone Fiend
 45956 | Elf:3    | Identified the +12 long sword of Qesedita {vorpal, rF+
                  | Stlth+}
 46264 | Elf:3    | Got the Disquisition on Flamy Air
 47365 | Shoals:2 | Reached skill level 1 in Spellcasting
 48154 | Shoals:2 | Found Duesadod's Distillery.
 48162 | Shoals:2 | Bought a potion of berserk rage for 75 gold pieces
 48162 | Shoals:2 | Bought a potion of might for 60 gold pieces
 48162 | Shoals:2 | Bought a potion of flight for 45 gold pieces
 48162 | Shoals:2 | Bought a potion of heal wounds for 75 gold pieces
 48162 | Shoals:2 | Bought a potion of berserk rage for 75 gold pieces
 48470 | Shoals:2 | Reached XP level 19. HP: 198/198 MP: 23/23
 48491 | Shoals:2 | Received a gift from Okawaru
 48994 | Shoals:2 | Found Duesadod's Distillery.
 49734 | Shoals:3 | Noticed Kirke
 49745 | Shoals:3 | Killed Kirke
 50328 | Shoals:3 | Found Uresyoze's Island Escapes.
 50420 | Shoals:3 | Reached skill level 24 in Fighting
 50780 | Shoals:3 | Bought a scroll of blinking for 112 gold pieces
 50780 | Shoals:3 | Bought a scroll of fog for 30 gold pieces
 50780 | Shoals:3 | Bought a ring of flight for 262 gold pieces
 50780 | Shoals:3 | Bought a scroll of teleportation for 45 gold pieces
 50795 | Shoals:4 | Entered Level 4 of the Shoals
 51004 | Shoals:4 | Noticed Polyphemus
 51012 | Shoals:4 | Killed Polyphemus
 51032 | Shoals:4 | Received a gift from Okawaru
 51231 | Shoals:4 | Found Zokh's Mass Market.
 52085 | Shoals:4 | Got a barnacled rune of Zot
 52473 | Shoals:4 | Noticed Bai Suzhen
 52483 | Shoals:4 | Killed Bai Suzhen
 52649 | Shoals:4 | Identified the +4 dagger "Kogez" {flame, Dex+2}
 53972 | Vaults:1 | Entered Level 1 of the Vaults
 54181 | Vaults:1 | Received a gift from Okawaru
 56112 | Vaults:2 | Reached XP level 20. HP: 176/209 MP: 25/25
 56648 | Vaults:2 | Identified the ring of the Madman {AC+4 Slay+2}
 56974 | Vaults:2 | Received a gift from Okawaru
 57203 | Vaults:2 | Reached skill level 5 in Spellcasting
 57444 | Vaults:2 | Reached skill level 25 in Fighting
 57975 | Vaults:2 | Received a gift from Okawaru
 58483 | Vaults:3 | You are sucked into a shaft and drop 1 floor!
 58840 | Vaults:3 | Identified the +2 chain mail "Cemukimy" {Rampage MP+9}
 59544 | Vaults:3 | Received a gift from Okawaru
 59621 | Vaults:3 | Noticed Margery
 59643 | Vaults:3 | Killed Margery
 60651 | Vaults:3 | Found a staircase to the Crypt.
 60651 | Vaults:3 | Found a basalt altar of Yredelemnul.
 60652 | Vaults:3 | Found an ancient bone altar of Kikubaaqudgha.
 60707 | Vaults:3 | Identified the +6 mace of Distant Shores {venom, rN+}
                  | (Okawaru gifted it to you on level 3 of the Vaults)
 60707 | Vaults:3 | Received a gift from Okawaru
 60733 | Vaults:3 | Reached XP level 21. HP: 179/220 MP: 3/27
 61576 | Vaults:3 | Found a staircase to the Crypt.
 61576 | Vaults:3 | Found an ancient bone altar of Kikubaaqudgha.
 61577 | Vaults:3 | Found a basalt altar of Yredelemnul.
 62745 | Vaults:4 | Reached skill level 26 in Fighting
 63037 | Vaults:4 | Received a gift from Okawaru
 63518 | Vaults:4 | Identified the +0 cloak of the Invisible Hand {-Tele rN+++
                  | rCorr Str+2} (Okawaru gifted it to you on level 4 of the
                  | Vaults)
 63518 | Vaults:4 | Received a gift from Okawaru
 64995 | Depths:1 | Entered Level 1 of the Depths
 65036 | Depths:1 | Found a one-way gateway to a ziggurat.
 65236 | Depths:1 | Found a sacrificial altar of Ru.
 65250 | Depths:1 | Noticed Aizul
 65262 | Depths:1 | Killed Aizul
 65325 | Depths:1 | Found a corrupted altar of Lugonu.
 65327 | Depths:1 | Found a one-way gate to the infinite horrors of the Abyss.
 65588 | Depths:1 | Found a gateway to Hell.
 66280 | Depths:2 | Received a gift from Okawaru
 66461 | Depths:2 | Paralysed by an air elemental for 1 turns
 66468 | Depths:2 | Paralysed by an air elemental for 1 turns
 66494 | Depths:2 | Reached XP level 22. HP: 188/232 MP: 28/28
 66770 | Depths:2 | Paralysed by an air elemental for 1 turns
 66777 | Depths:2 | Paralysed by an air elemental for 1 turns
 66788 | Depths:2 | Reached skill level 27 in Fighting
 67035 | Depths:2 | Paralysed by an air elemental for 1 turns
 67114 | Depths:2 | Found a one-way gate leading to the halls of Pandemonium.
 67159 | Depths:2 | Identified the ring of Ytaaph {Fire +Blink Str+4 Dex+3}
 67176 | Depths:2 | Identified the amulet "Mutwul" {rElec rF- Regen+ rCorr
                  | Int+7}
 67232 | Depths:2 | Noticed a caustic shrike
 67234 | Depths:2 | a caustic shrike changed into an acid blob
 67236 | Depths:2 | Noticed a caustic shrike
 67236 | Depths:2 | an acid blob changed into a caustic shrike
 67237 | Depths:2 | Noticed a shard shrike
 67237 | Depths:2 | a caustic shrike changed into a shard shrike
 67245 | Depths:2 | Killed a shard shrike
 67930 | Depths:2 | Identified the +1 longbow "Beetlebane" {vorpal, Fragile rN+
                  | rCorr Str+3}
 68016 | Depths:2 | Identified the +2 lajatang "Ytuusmikh" {flame, rCorr Dex+2}
 68361 | Depths:3 | Found a runed translucent door.
 69165 | Depths:3 | Received a gift from Okawaru
 70332 | Depths:4 | Entered Level 4 of the Depths
 72042 | Depths:4 | Found a gate to the Realm of Zot.
 72214 | Depths:4 | Found a basalt altar of Yredelemnul.
 72290 | Depths:4 | Received a gift from Okawaru
 72303 | Depths:4 | Reached XP level 23. HP: 235/240 MP: 27/29
 72861 | Vaults:5 | Entered Level 5 of the Vaults
 72917 | Vaults:5 | Noticed Saint Roka
 72922 | Vaults:5 | Paralysed by a floating eye for 3 turns
 72960 | Vaults:5 | Noticed a dread lich
 72962 | Vaults:5 | HP: 11/240 [vault guard (14)]
 72963 | Vaults:5 | HP: 3/240 [tengu reaver (5)]
 72963 | Vaults:5 | Slain by a tengu reaver

Illustrated notes

Levels and vault maps discovered:
D:1:      scummos_arrival_simple_fountains, layout_basic
D:2:      layout_basic, uniq_sigmund
D:3:      layout_basic
D:4:      kennysheep_big_flooded_room, layout_loops_ring, lemuel_blue_sif_altar,
          uniq_natasha
D:5:      layout_basic, minitemple, minmay_temple_entry_enclosed_plants,
          gammafunk_ghost_stat_death, uniq_blork_the_orc
D:6:      nicolae_cairo_tiling, layout_basic
D:7:      layout_basic, serial_bayou_pond_d, uniq_joseph, uniq_prince_ribbit1
D:8:      layout_rooms, david_lair_generic, uniq_maurice
D:9:      layout_cave_pools, jmf_multi_god_temple2, uniq_grum
D:10:     layout_grid_maze, orc_0_dummy, serial_shops, shop_coins,
          gammafunk_ghost_cemetery, st_stairs_7, uniq_gastronok
D:11:     layout_roguey, nicolae_trove_entry_diagonal,
          gammafunk_ghost_nasty_kobolds, minmay_misc_feat_nine_boxes
D:12:     layout_roguey, fedhas_bush_and_centaur_altar
D:13:     layout_irregular_city, nicolae_tso_carved_into_rock
D:14:     layout_loops_ring, erik_vaults_1, uniq_jorgrun
D:15:     grunt_enter_depths_giant_problem, layout_stronghold, drop_trap,
          nicolae_dithmenos_through_a_glass_darkly
Lair:1:   layout_chaotic_city, beast_lair_carwin_11
Lair:2:   layout_regular_city, gauntlet_entry_generic
Lair:3:   layout_big_grid, enter_volcano_3, grunt_megastairs_4
Lair:4:   layout_cave_pods, minmay_shoals_entry_lonely_mermaid,
          spider_nest_entry_a, lemuel_fruit_fields, grunt_megastairs_5
Lair:5:   layout_misc_corridors, slime_altar_1
Lair:6:   cheibrodos_lair_end_hotspot, layout_cave_pods,
          infiniplex_staircase_pool
Shoals:1: layout_shoals
Shoals:2: layout_shoals, serial_shops, nicolae_shop_trees
Shoals:3: layout_shoals, nicolae_island_escapes, uniq_kirke
Shoals:4: shoals_end_grunt_garden, layout_shoals, minmay_shop_mass,
          uniq_bai_suzhen, uniq_polyphemus
Spider:1: layout_spider_delve, gammafunk_ghost_grave, special_room
          [special_room_bee], uniq_josephine, uniq_nikola, uniq_louise
Spider:2: layout_spider_delve, uniq_mlioglotl
Spider:3: layout_chambers, gammafunk_ghost_arena, uniq_arachne
Spider:4: spider_rune_water, ebering_ghost_xom
Orc:1:    layout_caves
Orc:2:    st_orc_rangers, layout_diamond_mine, serial_shops, shop_statue,
          minmay_orc_treasury, uniq_donald, uniq_azrael, uniq_urug
Elf:1:    eino_elf_arrival_the_gate, layout_geoelf_diagonals,
          minmay_elf_sorcery, hellmonk_guarded_unrand_damnation
Elf:2:    nicolae_elf_blades_crystal_corner, layout_gridlike, serial_shops,
          shop, nicolae_shop_hallway_plus, nicolae_shop_waterfront,
          nicolae_shop_hallway_plus, shop_fountains
Elf:3:    elf_hall, layout_geoelf_grid
Vaults:1: vaults_dpeg_ring, vaults_mumra_hex, v_misc_24,
          hangedman_vaults_cutoff, nicolae_vaults_alarming,
          ontoclasm_vaults_ring_small, nicolae_vaults_little_squares_6,
          nicolae_vaults_ring_of_whatevers, layout_vaults_omnigrid
Vaults:2: vaults_mumra_minichess, v_misc_23, nicolae_vaults_lopsided_apartments,
          nicolae_vaults_specimen_jars, ontoclasm_vaults_spin,
          grunt_vaults_hallway_short, vaults_room_fancy_cross, serial_ice_h,
          grunt_vaults_funnel, vaults_room_pool, layout_vaults_big_room
Vaults:3: v_misc_15, v_alt_pattern_6, minmay_crypt_entry_necro_gods,
          vaults_room_fancy_cross, vaults_room_boxed,
          hangedman_vaults_stretched_pinwheel, nicolae_vaults_network_s,
          v_misc_19, hangedman_vaults_trim, ontoclasm_vaults_chip,
          vaults_room_fours, layout_vaults_ring, uniq_margery
Vaults:4: vaults_room_pools, vaults_mumra_bighexcomb,
          nicolae_vaults_shelves_hall, nicolae_vaults_big_ls,
          nicolae_vaults_little_squares_1,
          nicolae_vaults_windows_and_doors_thing, nicolae_vaults_three_branches,
          v_misc_27, v_pattern_2, nicolae_vaults_arrows,
          vaults_mumra_chevron_long, nicolae_vaults_little_ls, v_misc_16,
          vaults_room_door_ring, layout_vaults_omnibox
Vaults:5: uniq_saint_roka, uniq_boris, uniq_mennas
Depths:1: layout_cave_pools, enter_ziggurat_d, nicolae_ru_sacrificial_ziggurat,
          hell_entry, serial_column_ruins, column_ruins_open_tiny,
          column_ruins_open_tiny, column_ruins_columns_dead_end,
          column_ruins_grid_1, column_ruins_open_small, abyss_entry_flame_altar,
          hangedman_aviary, uniq_aizul
Depths:2: radiant_caverns_a_rkd, pan_entry, hell_entry
Depths:3: dreamdust_cat_pyramid, layout_gridlike, hangedman_abyss_entry_splay,
          serial_curves, eino_curves_02, eino_curves_02, hell_entry,
          minmay_hidden_floor, infiniplex_staircase_pool_1
Depths:4: grunt_bruiser_brothers, layout_cave_shapes, minmay_misc_feat_roman,
          hell_entry, pan_entry, yredelemnul_forgotten_temple_becter

Skill      XL: |  1  2  3  4  5  6  7  8  9 10 11 12 13 14 15 16 17 18 19 20 21 22 23 |
---------------+----------------------------------------------------------------------+-----
Fighting       | 4 5 6 8 9 10 12 13 15 18 21 22 23 24 25 26 27 | 27.0
Shields        | 4 6 8 10 13 15 17 20 22 23 | 23.2
Armour         | 4 5 6 8 9 10 11 12 14 16 17 19 20 22 23 | 23.1
Maces & Flails | 3 4 6 7 9 11 14 15 16 | 16.0
Dodging        | 3 6 9 10 12 14 15 16 18 19 21 | 21.7
Invocations    | 3 6 7 |  7.0
Spellcasting   | 1 4 5 |  5.0

Action                   |  1- 3 |  4- 6 |  7- 9 | 10-12 | 13-15 | 16-18 | 19-21 | 22-24 || total
-------------------------+-------+-------+-------+-------+-------+-------+-------+-------++-------
Melee: Flail             |    46 |   130 |   244 |   305 |       |       |       |       ||   725
       Headbutt          |     5 |    17 |    46 |   171 |   242 |   317 |   596 |   240 ||  1634
       Morningstar       |       |       |       |   322 |  1083 |  1278 |  1675 |   686 ||  5044
Throw: Dart              |       |       |       |       |       |     2 |       |       ||     2
Invok: Heroism           |       |       |     1 |     9 |    10 |     5 |     2 |     2 ||    29
       Finesse           |       |       |       |       |       |       |       |     1 ||     1
 Abil: Evoke Blink       |       |       |       |       |     1 |       |       |       ||     1
  Use: Potion            |       |       |     1 |       |       |     2 |     2 |    10 ||    15
       Scroll            |       |       |       |    19 |    15 |     4 |     2 |    10 ||    50
 Stab: Petrified         |       |       |       |       |       |       |     2 |       ||     2
Armor: Scale mail        |    21 |    54 |    51 |       |       |       |       |       ||   126
       Ring mail         |       |       |    93 |   101 |       |       |       |       ||   194
       Plate armour      |       |       |       |   130 |   310 |       |       |       ||   440
       Pearl dragon scal |       |       |       |       |    80 |   398 |   348 |   313 ||  1139
Dodge: Dodged            |    25 |    56 |   123 |   152 |   253 |   410 |   549 |   460 ||  2028
Block: Buckler           |    11 |    22 |    94 |   132 |       |       |       |       ||   259
       Reflection        |       |       |     6 |     9 |    88 |    75 |   108 |     4 ||   290
       Kite shield       |       |       |       |   248 |   949 |  1288 |  1428 |   778 ||  4691

Table legend: (Time is in decaauts)
 A = Elapsed time spent in this place.
 B = Non-inter-level travel time spent in this place.
 C = Inter-level travel time spent in this place.
 D = Time resting spent in this place.
 E = Time spent auto-exploring this place.
 F = Levels seen in this place.
 G = Mean time per level.
                   A        B        C        D        E       F      G
               +--------+--------+--------+--------+--------+-----+--------+
         Total |  74698 |  69671 |   5027 |  13370 |  44881 |  45 | 1660.0 |
       Dungeon |  18880 |  16931 |   1949 |   1199 |  13230 |  15 | 1258.7 |
          Lair |  11303 |  10277 |   1026 |   2926 |   5897 |   6 | 1883.8 |
        Shoals |   7488 |   7076 |    412 |   1410 |   4412 |   4 | 1872.0 |
   Spider Nest |   7166 |   6758 |    408 |    522 |   5057 |   4 | 1791.5 |
  Orcish Mines |   2296 |   2107 |    189 |    643 |    968 |   2 | 1148.0 |
   Elven Halls |   7322 |   6996 |    326 |   2835 |   2864 |   3 | 2440.7 |
        Vaults |  10713 |  10428 |    285 |   2169 |   6758 |   5 | 2142.6 |
        Depths |   7797 |   7368 |    429 |   1161 |   4879 |   4 | 1949.2 |
       Volcano |    608 |    608 |      0 |      0 |    438 |   1 |  608.0 |
      Gauntlet |   1120 |   1120 |      0 |    503 |    373 |   1 | 1120.0 |
               +--------+--------+--------+--------+--------+-----+--------+

Top non-repeatable levels by time:
  Lair:4: 3812 daAuts
Vaults:3: 3586 daAuts
   Elf:3: 3177 daAuts
Spider:4: 2653 daAuts
  Lair:6: 2612 daAuts
Vaults:2: 2502 daAuts
Vaults:4: 2413 daAuts
   Elf:1: 2397 daAuts
Depths:3: 2367 daAuts
Depths:4: 2356 daAuts
Depths:2: 2304 daAuts
Shoals:2: 2260 daAuts
Spider:3: 2249 daAuts
    D:10: 2243 daAuts
Vaults:1: 2155 daAuts
